Cogmind - Beta 16 @@@ ROGUE MODE // 2026.01.28 @ 18:58:55 Player: Carter Result: Destroyed by as-29164 with Assembled Blade Performance ------------- Evolutions (0) 0 Regions Visited (2) 400 Robots Destroyed (12) 60 Value Destroyed (226) 226 Prototype IDs (0) 0 Alien Tech Used (0) 0 Bonus (0) 0 TOTAL SCORE: 686 Bonus ------- None Cogmind --------- Core Integrity 0/250 Matter 136/300 Energy 97/100 System Corruption 0% Temperature Cool (0) Movement Core (100) Ox1 Location -10/Mines Parts ------- > --- POWER (1) -------- (None) > --- PROPULSION (2) --- (None) > --- UTILITY (2) ------ ECM Suite > --- WEAPON (2) ------- Hammer > --- INVENTORY (5) ---- Light Ion Engine Grenade Launcher Peak State ------------ > --- POWER ------------ Ion Engine > --- PROPULSION ------- Flight Unit Flight Unit > --- UTILITY ---------- Small Matter Pod Small Matter Pod > --- WEAPON ----------- Light Assault Rifle Mining Laser > --- INVENTORY -------- Ion Engine Light Ion Engine Light Ion Engine Flight Unit Grenade Launcher [Rating: 7] Favorites ----------- Power Ion Engine Engine Ion Engine Propulsion Light Treads Treads Light Treads Flight Unit Flight Unit Utility ECM Suite Device ECM Suite Storage Small Matter Pod Weapon Light Assault Rifle Energy Gun Medium Laser Ballistic Gun Light Assault Rifle Launcher Grenade Launcher Special Weapon Mining Laser Impact Weapon Hammer Build | -11 -10 -10 ------- Run | Yrd Mat Min Slots Evolved . | . . . Power . | . . . Propulsion . | . . . Utility . | . . . Weapon . | . . . Parts Attached 22 | 6 14 2 Power 3 | 1 2 . Engine 3 | 1 2 . Core . | . . . Reactor . | . . . Propulsion 6 | 2 3 1 Treads 2 | 2 . . Leg . | . . . Wheel . | . . . Hover . | . . . Flight 4 | . 3 1 Utility 5 | . 5 . Device 3 | . 3 . Storage 2 | . 2 . Processor . | . . . Hackware . | . . . Protection . | . . . Artifact . | . . . Weapon 8 | 3 4 1 Energy Gun 1 | 1 . . Energy Cannon . | . . . Ballistic Gun 3 | 2 1 . Ballistic Cannon . | . . . Launcher 2 | . 1 1 Special Weapon 1 | . 1 . Impact Weapon 1 | . 1 . Slashing Weapon . | . . . Piercing Weapon . | . . . Special Melee Weapon . | . . . Unidentified Prototypes . | . . . Parts Lost 8 | . 1 7 Power 1 | . . 1 Propulsion 4 | . . 4 Utility 1 | . 1 . Weapon 2 | . . 2 Highest Loss Streak 7 | . 1 7 To Critical Strikes . | . . . Average Backups 3 | 1 4 3 Power 1 | . 2 1 Propulsion . | . . 1 Utility . | . . . Weapon 1 | . 1 1 Tool/Special . | . . . Unused Backups 5 | . 4 1 Power 4 | . 3 1 Propulsion 1 | . 1 . Utility . | . . . Weapon . | . . . Tool/Special . | . . . Average Slot Usage (%) 76 | . 76 76 Engine 13 | . 13 14 Treads 12 | . 14 . Flight 14 | . 12 28 Device 10 | . 9 14 Energy Gun 2 | . 3 . Ballistic Gun 13 | . 15 . Special Weapon 6 | . 6 5 Impact Weapon 1 | . . 14 Peak Build Rating 7 | 5 7 6 Average Rating 5 | 4 5 5 On Entrance 3 | . 5 6 Avg Prop Armor Cover (%) . | . . . Naked Turns . | . . . Heaviest Build 10 | 9 10 8 Greatest Support 40 | 40 40 8 Greatest Overweight (x) 2 | 2 2 . Average Overweight (x) . | . . . Largest Inventory Capacity 5 | 5 5 5 Average Capacity 5 | 5 5 5 Most Carried 5 | 2 5 5 Average Carried 3 | 1 4 3 Final Capacity 5 | 5 5 5 Final Carried 5 | 2 5 2 Class Distribution -------------------- 100% | Mutant Dominant Class ---------------- Mutant | -10/Materials Mutant | -10/Mines Resources | -11 -10 -10 ----------- Run | Yrd Mat Min Matter Collected 418 | 200 177 41 Remotely . | . . . Salvage Created 258 | . 196 62 Parts 19 | . 19 . Haulers Intercepted . | . . . Recyclers Shooed 2 | . 2 . Parts Field Recycled . | . . . Retrieved Matter . | . . . Parts Self-Destructed . | . . . Prevented . | . . . Parts Restored . | . . . Kills | -11 -10 -10 ------- Run | Yrd Mat Min Combat Hostiles Destroyed 12 | . 8 4 Melee 1 | . . 1 Guns 7 | . 7 . AOE 4 | . 1 3 Classes Destroyed 5 | . 4 1 Worker 1 | . 1 . Watcher 1 | . 1 . Swarmer 6 | . 6 . Grunt 4 | . 2 2 Assembled 2 | . . 2 Best Kill Streak 4 | . 4 4 Combat Bots Only 4 | . 3 4 Max Kills in Single Turn 2 | . 2 2 Gunslinging . | . . . Exploded 2 | . 1 2 Melee 1 | . . 1 Uniques/NPCs Destroyed . | . . . Combat | -11 -10 -10 -------- Run | Yrd Mat Min Hostile Shots Fired 103 | . 68 35 Missed 34 | . 20 14 Hits 69 | . 48 21 Melee 3 | . . 3 Projectile 66 | . 48 18 Damage Taken 861 | . 440 421 Core 268 | . 105 163 Absorbed by Shields . | . . . Core Remaining (%) 100 | 100 . . Volleys Fired 42 | . 37 5 Largest 2 | . 2 1 Hottest 120 | . 120 100 Shots Fired 72 | . 67 5 Gun 61 | . 61 . Cannon . | . . . Launcher 6 | . 2 4 Special 5 | . 4 1 Kinetic 52 | . 52 . Thermal 14 | . 13 1 Explosive 6 | . 2 4 Electromagnetic . | . . . Robot Hit Streak 5 | . 5 2 Robot Miss Streak 7 | . 7 1 Penetration Max . | . . . Secondary Targets 1 | . 1 . Max Gunslinging Chain 1 | . 1 . Shots Hit Robots 37 | . 28 9 Core Hits 31 | . 17 14 Critical Kills . | . . . Critical Parts Destroyed 2 | . . 2 Critical Strikes 2 | . . 2 Smash 2 | . . 2 Melee Attacks 7 | . . 7 Impact 7 | . . 7 Slashing . | . . . Piercing . | . . . Sneak Attacks . | . . . Combat Hostiles . | . . . Follow-up Attacks . | . . . Damage Inflicted 943 | . 401 542 Guns 314 | . 314 . Cannons . | . . . Explosions 461 | . 87 374 Melee 168 | . . 168 Ramming . | . . . Kinetic 214 | . 214 . Thermal 100 | . 100 . Explosive 461 | . 87 374 Electromagnetic . | . . . Impact 168 | . . 168 Slashing . | . . . Piercing . | . . . Highest Corruption . | . . . Average Corruption . | . . . Corruption Purged . | . . . Corruption Blocked . | . . . Overload Shots . | . . . Overflow Damage 57 | . . 57 Projectiles . | . . . Explosions 4 | . . 4 Melee 53 | . . 53 Knockbacks 1 | . . 1 Impact 1 | . . 1 Kinetic . | . . . Secondary . | . . . Self-Inflicted Damage 89 | . . 89 Shots 4 | . . 4 Rammed . | . . . Targets Rammed . | . . . Kicked . | . . . Crushed . | . . . Highest Temperature 90 | . 90 30 Average Temperature 35 | . 36 17 Received Heat Transfer 216 | . 93 123 Siege Activations . | . . . Martial Activations . | . . . Shielding Activations . | . . . Robots Disrupted . | . . . Combat Hostiles . | . . . Robots Corrupted . | . . . Combat Hostiles . | . . . Parts Fried 2 | . . 2 Impact Corruptions 2 | . . 2 Robots Melted . | . . . Combat Hostiles . | . . . Parts Melted . | . . . Heat Transferred 296 | . 296 . Parts Sabotaged . | . . . Parts Stolen . | . . . Parts Stripped . | . . . Power Chain Reactions . | . . . Alert | -11 -10 -10 ------- Run | Yrd Mat Min Maximum Alert Level . | . . . Low Security (%) 100 | 100 100 100 Level 1 . | . . . Level 2 . | . . . Level 3 . | . . . Level 4 . | . . . Level 5 . | . . . High Security . | . . . Max Security . | . . . Peak Influence 100 | . 100 33 Initial 19 | . . 19 Average 35 | . 44 17 Influence Increases 314 | . 236 78 Destroy 0b10 Robot/C 200 | . 160 40 Destroy 0b10 Robot/NC 10 | . 10 . Destroy Leader 42 | . 32 10 Destroy Structure 47 | . 19 28 Lose Combat Pursuer 15 | . 15 . Influence Decreases 287 | . 186 101 Entered New Map 31 | . . 31 Time Decay 186 | . 176 10 Lost Part 70 | . 10 60 Squads Dispatched 1 | . 1 . Investigation . | . . . Extermination . | . . . Reinforcement 1 | . 1 . Assault . | . . . Garrison . | . . . Intercept . | . . . Searches Triggered . | . . . Construction Impeded . | . . . Haulers Reinforced . | . . . Active Scanning Responses . | . . . Cargo Convoy Interrupts . | . . . Stealth | -11 -10 -10 --------- Run | Yrd Mat Min Distress Signals 1 | . 1 . Communications Jammed . | . . . Distress Signals . | . . . Times Spotted 33 | . 13 20 Peak Tracking Total 21 | . 4 21 Tactical Retreats 3 | . 2 1 ECM-based Alert Blocks 3 | . 2 1 Traps | -11 -10 -10 ------- Run | Yrd Mat Min Traps Triggered 3 | . 3 . Indirectly . | . . . Trap Hack Attempts . | . . . Triggered . | . . . Disarmed . | . . . Reprogrammed . | . . . Reused . | . . . Traps Extracted . | . . . Installed . | . . . Triggered . | . . . Machines | -11 -10 -10 ---------- Run | Yrd Mat Min Machines Disabled . | . . . Max in Single Turn . | . . . Machines Repaired . | . . . Machines Dismantled . | . . . Machines Sabotaged . | . . . Overloaded Fab Kills . | . . . Hacking | -11 -10 -10 --------- Run | Yrd Mat Min Machines Accessed 2 | . 2 . Terminals 2 | . 2 . Fabricators . | . . . Repair Stations . | . . . Recycling Units . | . . . Scanalyzers . | . . . Garrison Access . | . . . Total Hacks 3 | . 3 . Successful 1 | . 1 . Failed 2 | . 2 . Catastrophic . | . . . Database Lockouts . | . . . Manual . | . . . Terminals 3 | . 3 . Fabricators . | . . . Repair Stations . | . . . Recycling Units . | . . . Scanalyzers . | . . . Garrison Access . | . . . Terminal Hacks 1 | . 1 . Zone Layout 1 | . 1 . Fabricator Hacks . | . . . Repair Station Hacks . | . . . Recycling Unit Hacks . | . . . Scanalyzer . | . . . Garrison Access Hacks . | . . . Unauthorized Hacks . | . . . Terminals . | . . . Fabricators . | . . . Repair Stations . | . . . Recycling Units . | . . . Scanalyzers . | . . . Garrison Access . | . . . Data Cores Recovered . | . . . Used . | . . . Hacking Detections 1 | . 1 . Full Trace Events . | . . . Feedback Events . | . . . Feedback Blocked . | . . . Robot Schematics Acquired . | . . . Robots Built . | . . . Authchips . | . . . Time . | . . . Total Robot Build Rating . | . . . Part Schematics Acquired . | . . . Parts Built . | . . . Authchips . | . . . Time . | . . . Total Part Build Rating . | . . . Part Studies Acquired . | . . . Parts Repaired . | . . . Time . | . . . Parts Recycled . | . . . Recycled Matter . | . . . Retrieved Matter . | . . . Retrieved Components . | . . . Parts Scanalyzed . | . . . Part Schematics Acquired . | . . . Parts Damaged . | . . . Bothacking | -11 -10 -10 ------------ Run | Yrd Mat Min Used RIF Installer . | . . . Robots Hacked . | . . . Non-combat . | . . . Combat . | . . . Robot Hacks Applied . | . . . Relay Couplers Released . | . . . Fabnet Peak Effective % . | . . . Robots Rewired . | . . . Allies Hacked . | . . . Hacks Repelled . | . . . Allies | -11 -10 -10 -------- Run | Yrd Mat Min Total Allies . | . . . Largest Group . | . . . Highest-Rated Group . | . . . Highest-Rated Ally . | . . . Total Orders . | . . . Ally Attacks . | . . . Total Damage . | . . . Kills . | . . . Allies Corrupted . | . . . Allies Melted . | . . . Intel | -11 -10 -10 ------- Run | Yrd Mat Min Active Infowar (turns) 168 | . 126 42 ECM 168 | . 126 42 Robot Analysis Total . | . . . Derelict Logs Recovered . | . . . Drone Launches . | . . . Drone Recoveries . | . . . Exploration | -11 -10 -10 ------------- Run | Yrd Mat Min Turns Passed 567 | 89 436 42 Spaces Moved 440 | 60 360 20 Core 19 | 18 1 . Treads 124 | 42 82 . Legs . | . . . Wheels . | . . . Hover . | . . . Flight 297 | . 277 20 Fastest Speed 37 | 50 37 37 Average Speed 83 | 133 77 37 Slowest Speed 160 | 160 160 37 Overloaded Moves . | . . . Propulsion Burnouts . | . . . Robots Hopped . | . . . Potential Cave-ins . | . . . Cave-ins Triggered . | . . . Exploration Rate (%) 25 | 4 65 6 Regions Visited 2 Branch Regions 1 Pre-discovered Areas . | . . . Known Exits Taken . | . . . Unknown Exits Taken 2 | 1 1 . Scrap Searched . | . . . Spaces Dug 4 | . 4 . Terrain Destroyed 63 | . 17 46 Melee . | . . . Projectile 5 | . 4 1 AOE 58 | . 13 45 Terrain Rammed . | . . . Walls Destroyed . | . . . Machines Disabled . | . . . Actions | -11 -10 -10 --------- Run | Yrd Mat Min Total 552 | 66 450 36 Wait 13 | . 12 1 Move 438 | 59 359 20 Hop . | . . . Pick Up 9 | 1 8 . Fast Attach 19 | 5 14 . Attach 6 | . 3 3 Detach 1 | . 1 . Swap 3 | 1 2 . Drop 14 | . 14 . Fire 42 | . 37 5 Melee 7 | . . 7 Ram . | . . . Kick . | . . . Crush . | . . . Escape Stasis . | . . . Rewire . | . . . Trap . | . . . Miscellaneous . | . . . Route ------- -11/Scrapyard -10/Materials -10/Mines History --------- Turn | Location | Event 17 | -11/Scrapyard | Discovered new exit (range 15) 90 | -11/Scrapyard | Entered Materials 300 | -10/Materials | Build established: Mutant 324 | -10/Materials | Discovered new exit (range 14) 526 | -10/Materials | Entered Mines 527 | -10/Mines | Assembled infested the area 535 | -10/Mines | Core integrity fell below 50% 566 | -10/Mines | Core integrity fell below 20% 568 | -10/Mines | Destroyed by as-29164 with Assembled Blade Last Messages --------------- 00545_ G-47 Trooper suffers critical hit (Smash). 00545_ Destroyed Aluminum Leg. 00545_ G-47 Trooper system corrupted by crushing effect. 00550_ Lgt. Nuclear Core fried. 00550_ Imp. Heat Sink fried. 00550_ G-47 Trooper destroyed. 00553_ Acquired 41 matter. [Achievement: Hunted] 00561_ Lgt. Ion Engine destroyed. 00561_ Destroyed Lgt. Ion Engine. 00563_ as-33829 destroyed. 00563_ as-19931 destroyed. 00564_ Flight Unit destroyed. 00567_ G-34 Mercenary destroyed. 00567_ Grenade Launcher destroyed. 00567_ Destroyed Grenade Launcher. 00567_ Flight Unit destroyed. 00567_ Destroyed Flight Unit. Map ----- +----------------------------------------------------+ | ?????????????????????????????????????? | | ?????????????????????????????????????? | | ?????????????????????????????????????? | | ?????????????????????????????????????? | | ?????????????????????????????????????? | | ?????????????????????????????????????? | | ?????????????????????????????????????? | | ?????????????????????????????????????? | | ?????????????????????????????????????? | | ?????????????????????????????????????? | | ?????????????????????????????????????? | | ?????????????????????????????????????? | | ?????????????????????????????????????? | | ?????????????????????????????????????? | | ?????????????????????????????????????? | | ?????????????????????????????????????? | | ?????????????????????????????????????? | | ?????????????????????????????????????? | | ?????????????????????????????????????? | | ?????????????????????????????????????? | | ??????#########??????????????????????? | | ??????# #??????????????????????? | | ????### #####??????????????????? | | ????# % ##?????????????????? | | ??### # a #### #????????? | | ?## "# @a %aa aaa #????????? | | ?# #### aa ##### #????????? | | ?# ## ####?????????????????? | | ?## #####????????????????????? | | ??# #????????????????????????? | | ??# #????????????????????????? | | ??## ##????????????????????????? | | ???##### ##?????????????????????????? | | ????????###??????????????????????????? | | ?????????????????????????????????????? | | ?????????????????????????????????????? | | ?????????????????????????????????????? | | ?????????????????????????????????????? | | ?????????????????????????????????????? | | ?????????????????????????????????????? | | ?????????????????????????????????????? | | ?????????????????????????????????????? | | ?????????????????????????????????????? | | ?????????????????????????????????????? | | ?????????????????????????????????????? | | ?????????????????????????????????????? | | ?????????????????????????????????????? | | ?????????????????????????????????????? | | ?????????????????????????????????????? | | ?????????????????????????????????????? | +----------------------------------------------------+ Best States ------------- Heat Dissipation 35 Energy Generation 10 Energy Capacity 250 Matter Stores 285 Matter Capacity 400 Sight Range 16 Terrain Scan Density 10 ECM Strength 2 Evasion (%) 62 Recoil Reduction 2 Item Schematics ----------------- None Robot Schematics ------------------ None Fabricated ------------ Nothing Repaired ---------- Nothing Studied --------- None Alien Tech Used ----------------- None Achievements -------------- Ghost 'Em Hunted Challenges ------------ None Game ------ Seed HeatNodeReconstructor Manual? 0 Play Time 00:11:34 Cumulative 7.2 hours Start 2026.01.28 @ 18:48:30 End 2026.01.28 @ 18:58:55 Sessions 1 Manual Loads 0 Difficulty Rogue Special Mode None Game No. 14 Rogue 14 Adventurer 0 Explorer 0 Win Type - Total 0 Types 0/0/0/0/0/0/0/0/0/0 Lore% 1 Gallery% 15 Achievement% 10 Wizard Run 0 Options --------- Layout 2 ASCII 0 Keyboard 1 Movement Vi Keybinds 0 Fullscreen 1 Font 24/Smallcaps Map View 25x22 Zoom Use 81% Tactical HUD 1 Map Filters NONE Filters NONE Steam 1 RUN: 3e20d6fd-56d4-4a57-9c2f-cc949f37b83a